 Dungeon Crawl Stone Soup version 0.28.0-53-g5a82cb258f (webtiles) character file.

Game seed: 2782457900234728811

120 101zpm the Magician (level 5, -5/35 HPs)
             Began as a Djinni Fire Elementalist on May 21, 2022.
             Killed by divine providence
             ... invoked by an orc priest
              (12 damage)
             ... on level 3 of the Dungeon.
             The game lasted 00:02:37 (1914 turns).

101zpm the Magician (Djinni Fire Elementalist)      Turns: 1914, Time: 00:02:38

Health: -5/35      AC:  2    Str:  7    XL:     5   Next: 25%
Gold:   46         EV: 12    Int: 18    God:
                   SH:  0    Dex: 14

rFire   + + .      SeeInvis .   (no weapon)
rCold   x . .      Faith    .   (no shield)
rNeg    . . .      Spirit   .   a - +0 robe
rPois   ∞          Reflect  .   (no helmet)
rElec   .          Harm     .   (no cloak)
rCorr   .          Rampage  .   (no gloves)
Will    .....                   (boots unavailable)
Stlth   ++........              (no amulet)
HPRegen 0.11/turn               (no ring)
MPRegen 0.00/turn               (no ring)

@: flying
A: sickness immunity, fire resistance 2, cold vulnerability 1, float, innate
caster, HP casting, extra vitality 1
a: no special abilities


You were on level 3 of the Dungeon.
You visited 1 branch of the dungeon, and saw 3 of its levels.

You collected 46 gold pieces.

Inventory:

Armour
 a - a +0 robe (worn)
Scrolls
 c - a scroll of identify {unknown}
Potions
 b - a potion of curing {unknown}
 d - a potion of lignification {unknown}


   Skills:
 + Level 2.5 Dodging
 + Level 1.8 Stealth
 + Level 4.1 Spellcasting


You couldn't memorise any spells.
You knew the following spells:

 Your Spells              Type           Power      Damage    Failure   Level
a - Foxfire               Conj/Fire      72%        2x1d7     2%          1
b - Scorch                Fire           36%        2d7       4%          2
c - Conjure Flame         Conj/Fire      18%        6-21      8%          3
d - Inner Flame           Hex/Fire       18%        N/A       8%          3
e - Flame Wave            Conj/Fire      18%        2d6       26%         4
f - Freeze                Ice            72%        1d9       2%          1
g - Passwall              Tmut/Erth      15%        N/A       4%          2
Your spell library was empty.

Dungeon Overview and Level Annotations

Branches:
Dungeon (3/15)

Altars:
Yredelemnul


Innate Abilities, Weirdness & Mutations

You are immune to sickness and miasma.
You are immune to poison.
Your flesh is very heat resistant. (rF++)
You are vulnerable to cold. (rC-)
You float through the air rather than walking.
You learn spells naturally, not from books.
Your magical power is your life essence.
You have superior vitality. (+4 MHP)


Message History

Spell assigned to 'g'.
Casting: Foxfire (safe; 2% risk of failure)
Press: ? - help, Q - select action, (/) - cycle Dir - look around, f - activate You conjure some foxfire!
A kobold comes into view. It is wielding a +0 dagger.
Casting: Foxfire (safe; 2% risk of failure)
Confirm with . or Enter, or press ? or * to list all spells.
Okay, then.
Casting: Foxfire (safe; 2% risk of failure)
Confirm with . or Enter, or press ? or * to list all spells.
Flames lash the orc priest.
The orc priest is moderately wounded.
The orc priest's fire resistance burns away.
The foxfire hits the orc priest but does no damage.
The orc priest is moderately wounded.
The foxfire hits the orc priest.
The orc priest is moderately wounded.
Casting: Scorch (safe; 4% risk of failure)
Confirm with . or Enter, or press ? or * to list all spells.
Flames lash the orc priest.
The orc priest is moderately wounded.
Casting: Scorch (safe; 4% risk of failure)
Confirm with . or Enter, or press ? or * to list all spells.
Flames lash the orc.
The orc is heavily wounded.
The orc's fire resistance burns away.
The orc priest closely misses you.
Casting: Scorch (safe; 4% risk of failure)
Confirm with . or Enter, or press ? or * to list all spells.
Flames lash the orc priest.
The orc priest is burned terribly!
The orc priest is severely wounded.
* * * LOW HITPOINT WARNING * * *
Casting: Scorch (safe; 4% risk of failure)
Confirm with . or Enter, or press ? or * to list all spells.
Flames lash the kobold.
You kill the kobold!
* * * LOW HITPOINT WARNING * * *
You hear an angry hiss.
The orc priest invokes the aid of Beogh against you.
Beogh smites you!
You die...

#.....# ##...#.#
....#.# ...... ##...)#
..§†)# #.#o## ####
#.o@.###.....
###.......# .###
##..###.......####
##.# #.......
..#####.###### ....#.
.............# #.).
#######..###.########)
#............##..
#.......####....#


You could see an orc priest (combustible) and an orc (combustible).

Vanquished Creatures
  An orc priest (D:3)
  2 orc wizards (D:3)
  A worm (D:3)
  3 orcs (D:3)
  2 bats
  2 endoplasms (D:1)
  2 giant cockroaches (D:3)
  5 goblins
  A hobgoblin (D:1)
  5 quokkas
  3 ball pythons (D:1)
  A frilled lizard (D:1)
  4 kobolds
  3 rats
  A spectral orc (D:3)
36 creatures vanquished.

Vanquished Creatures (others)
  184 foxfires
184 creatures vanquished.

Grand Total: 220 creatures vanquished

Notes
Turn   | Place    | Note
-------+----------+-------------------------------------------
     0 | D:1      | 101zpm the Djinni Fire Elementalist began the quest for the
                  | Orb.
     0 | D:1      | Reached XP level 1. HP: 15/15 MP: 0/0
    18 | D:1      | Reached XP level 2. HP: 5/21 MP: 0/0
   744 | D:1      | Reached skill level 3 in Spellcasting
   942 | D:1      | Found a faded altar of an unknown god.
  1147 | D:1      | Reached XP level 3. HP: 20/25 MP: 0/0
  1147 | D:1      | Learned a level 1 spell: Freeze
  1273 | D:3      | Found a basalt altar of Yredelemnul.
  1613 | D:3      | Reached XP level 4. HP: 22/31 MP: 0/0
  1909 | D:3      | Reached skill level 4 in Spellcasting
  1909 | D:3      | Reached XP level 5. HP: 18/35 MP: 0/0
  1909 | D:3      | Learned a level 2 spell: Passwall
  1914 | D:3      | Killed from afar by an orc priest

Illustrated notes

Levels and vault maps discovered:
D:1:      roderic_crossed_star, layout_rooms,
          shapermc_ecumenical_altar_totnotflames
D:2:      layout_basic, cheibrodos_gnoll_hut, uniq_crazy_yiuf_cottage
D:3:      layout_rooms, yredelemnul_forgotten_temple_becter, grunt_ministairs_1

Skill      XL: |  1  2  3  4 |
---------------+-------------+-----
Spellcasting   | 3 4 |  4.1
Dodging        | |  2.5
Stealth        | |  1.8

Action                   |  1- 3 |  4- 6 || total
-------------------------+-------+-------++-------
 Cast: Foxfire           |    94 |    18 ||   112
       Scorch            |       |     9 ||     9
       Inner Flame       |       |     2 ||     2
Armor: Robe              |     1 |       ||     1
Dodge: Dodged            |     1 |     2 ||     3
